 Dungeon Crawl Stone Soup version 0.26-a0-1012-gedcf9b2963 (webtiles) character file.

Game seed: 13967757604997361722

5586 Delamore the Basher (level 10, -8/59 HPs)
             Began as a Gargoyle Fighter on Dec 7, 2020.
             Was a High Priest of Okawaru.
             Mangled by a shadow (21 damage)
             ... on level 11 of the Dungeon.
             The game lasted 00:09:02 (7559 turns).

Delamore the Basher (Gargoyle Fighter)              Turns: 7559, Time: 00:09:02

Health: -8/59      AC: 18    Str: 34    XL:     10   Next: 72%
Magic:  10/10      EV:  7    Int: 10    God:    Okawaru [*****.]
Gold:   482        SH: 13    Dex:  9    Spells: 9/9 levels left

rFire    . . .     SeeInvis .   N - +1 whip (elec)
rCold    . . .     Faith    .   r - +2 kite shield
rNeg     + . .     Spirit   .   b - +1 chain mail of the Endless Expanse {rCorr} (curse)
rPois    ∞         Reflect  .   (no helmet)
rElec    +         Harm     .   (no cloak)
rCorr    +         Rampage  .   (no gloves)
Will     .....                  k - +0 pair of boots
Stlth    ..........             x - amulet of regeneration
HPRegen  0.59/turn              m - +6 ring of strength
MPRegen  0.12/turn              K - +6 ring of strength

@: no status effects
A: negative energy resistance 1, electricity resistance, unbreathing,
petrification resistance, rot immunity, AC +7
a: Heroism, Finesse, Renounce Religion


You were on level 11 of the Dungeon.
You worshipped Okawaru.
Okawaru was extremely pleased with you.
You visited 2 branches of the dungeon, and saw 11 of its levels.

You collected 482 gold pieces.

Inventory:

Hand Weapons
 N - a +1 whip of electrocution (weapon)
Missiles
 i - 6 javelins (quivered)
 G - a throwing net
Armour
 b - the cursed +1 chain mail of the Endless Expanse (worn) {rCorr}
   (You found it on level 9 of the Dungeon)

   It provides partial protection from all sources of acid and corrosion.
   It has a curse placed upon it.
 k - a +0 pair of boots (worn)
 r - a +2 kite shield (worn)
Jewellery
 m - a +6 ring of strength (left hand)
 p - an uncursed amulet of faith
 x - an amulet of regeneration (around neck)
 K - a +6 ring of strength (right hand)
 M - an uncursed amulet of reflection
Wands
 C - a wand of flame (25)
 E - a wand of acid (11)
 O - a wand of polymorph (7)
 P - a wand of paralysis (8)
Scrolls
 e - 7 scrolls of amnesia
 g - 4 scrolls of enchant weapon
 h - 5 scrolls of teleportation
 n - 3 scrolls of enchant armour
 q - 3 scrolls of noise
 s - 3 scrolls of remove curse
 y - a scroll of fear
 A - 3 scrolls of magic mapping {unknown}
 D - a scroll of immolation
 H - 2 scrolls of fog
 L - a scroll of vulnerability
Potions
 a - a potion of invisibility {unknown}
 d - a potion of might
 f - 3 potions of mutation
 j - 5 potions of curing {unknown}
 l - 4 potions of lignification {unknown}
 o - 2 potions of heal wounds {unknown}
 t - 2 potions of flight {unknown}
 u - a potion of cancellation {unknown}
 v - a potion of attraction {unknown}
 w - a potion of haste {unknown}
 B - 4 potions of brilliance {unknown}
 J - a potion of berserk rage {unknown}


   Skills:
 + Level 5.4 Fighting
 - Level 14.0 Maces & Flails
 + Level 1.4 Throwing
 - Level 3.4 Armour
 + Level 5.4 Shields


You had 9 spell levels left.
You didn't know any spells.
Your spell library contained the following spells:

 Spells                   Type           Power        Failure   Level
 Animate Skeleton         Necr           #.....       99%         1
 Magic Dart               Conj           #...         99%         1
 Pain                     Necr           #...         99%         1
 Blink                    Tloc           N/A          100%        2
 Call Imp                 Summ           #.......     100%        2
 Poisonous Vapours        Pois/Air       #.....       100%        2
 Searing Ray              Conj           #.....       100%        2
 Slow                     Hex            #.......     100%        2
 Conjure Flame            Conj/Fire      #.......     100%        3
 Dazzling Flash           Conj/Hex       #.....       100%        3
 Mephitic Cloud           Conj/Pois/Air  #.......     100%        3
 Vampiric Draining        Necr           #.........   100%        3
 Animate Dead             Necr           #.........   100%        4
 Fulminant Prism          Conj/Hex       #.........   100%        4
 Iskenderun's Mystic Bla  Conj/Tloc      #.......     100%        4
 Agony                    Necr           #.......     100%        5
 Freezing Cloud           Conj/Ice/Air   #.........   100%        6


Dungeon Overview and Level Annotations

Branches:
Dungeon (9/15)             Temple (1/1) D:5
   Lair: D:8-11         Orc: D:9-12

Altars:
Elyvilon
Fedhas
Kikubaaqudgha
Makhleb
Nemelex Xobeh
Okawaru
Qazlal
Ru
Sif Muna
Vehumet
Yredelemnul
Zin
The Shining One

Shops:
D:5 (   D:6 (

Annotations:
D:4 exclusion: statue


Innate Abilities, Weirdness & Mutations

You are resistant to torment.
Your stone body is resilient. (AC +7)
You are immune to poison.
You resist negative energy. (rN+)
You are resistant to electric shocks. (rElec)
You can survive without breathing.
You are immune to petrification.
You are immune to rotting.


Message History

You are too injured to fight recklessly!
You are too injured to fight recklessly!
You are too injured to fight recklessly!
You are too injured to fight recklessly!
You are too injured to fight recklessly!
You are too injured to fight recklessly!
You are too injured to fight recklessly!
You are too injured to fight recklessly!
You hit the shadow. Lightning courses through the shadow!
The shadow is heavily damaged.
You hit the shadow.
The shadow is severely damaged.
The shadow slips into darkness.
The shadow flickers and vanishes!
Deactivating autopickup; reactivate with Ctrl-A.
The wight hits you from afar with a +4 spear.
* * * LOW HITPOINT WARNING * * *
You miss something.
The shadow strikes at you from the darkness!
You die...

#.........##.#.##
#............#..#
#.........#####.# ##
#....)..).## #.# ...
#.......†..####.## ....
##.......#.....†#( .....
##....)######....
...^.z####....).†......#.
...."zz{@......#######...
......####.###.# ##..
..... #..# #.# #.. ....
..[## #.. ##. ... ..##
##.. .. .. ..# ##. #.. #
.# .#


You could see 3 wights.

Vanquished Creatures
  2 tengu warriors (D:11)
  Prince Ribbit (D:7)
  5 yaks (D:9)
  An orc warrior (D:7)
  A necrophage (D:5)
  A black bear (D:8)
  A sky beast (D:11)
  4 ogres
  2 phantoms
  3 centaurs
  A big kobold (D:7)
  A wyvern zombie (D:11)
  4 bullfrogs
  2 gnoll sergeants (D:7)
  A scorpion (D:4)
  4 wights (D:11)
  2 electric eels (D:4)
  A howler monkey (D:5)
  2 centaur zombies
  2 bullfrog zombies (D:8)
  5 orc priests
  A hound (D:8)
  3 jellies
  A bullfrog skeleton (D:6)
  2 centaur skeletons (D:5)
  10 orc wizards
  Jessica (D:2)
  10 worker ants
  A killer bee zombie (D:7)
  A hound skeleton (D:5)
  A howler monkey skeleton (D:3)
  12 gnolls
  10 adders
  2 shadow imps (D:7)
  2 white imps
  An ufetubus (D:6)
  3 oozes
  5 worms
  5 dart slugs
  2 leopard geckos
  37 orcs
  A ball python (D:4)
  2 giant cockroaches
  4 goblins
  9 hobgoblins
  12 jackals
  6 quokkas
  3 bats
  3 frilled lizards
  9 kobolds
  A quokka skeleton (D:9)
  7 rats
213 creatures vanquished.

Vanquished Creatures (others)
  A plant (D:4)
  7 toadstools (D:1)
8 creatures vanquished.

Grand Total: 221 creatures vanquished

Notes
Turn   | Place    | Note
-------+----------+-------------------------------------------
     0 | D:1      | Delamore the Gargoyle Fighter began the quest for the Orb.
     0 | D:1      | Reached XP level 1. HP: 14/14 MP: 1/1
   153 | D:1      | Reached XP level 2. HP: 19/19 MP: 2/2
   354 | D:1      | Reached XP level 3. HP: 21/23 MP: 3/3
  1011 | D:2      | Noticed Jessica
  1028 | D:2      | Killed Jessica
  1029 | D:2      | Reached XP level 4. HP: 11/29 MP: 4/4
  2044 | D:2      | Reached skill level 3 in Maces & Flails
  2209 | D:3      | Reached XP level 5. HP: 23/33 MP: 5/5
  2762 | D:3      | Found a basalt altar of Yredelemnul.
  2809 | D:3      | Reached skill level 5 in Shields
  2873 | D:3      | Reached XP level 6. HP: 40/40 MP: 6/6
  3116 | D:4      | Reached skill level 5 in Fighting
  3116 | D:4      | Reached skill level 4 in Maces & Flails
  3150 | D:4      | Noticed a phantom
  3180 | D:4      | Killed a phantom
  3263 | D:4      | Found a radiant altar of Vehumet.
  3284 | D:4      | Reached skill level 5 in Maces & Flails
  3322 | D:4      | Found a transporter.
  3339 | D:4      | Reached XP level 7. HP: 38/44 MP: 7/7
  3354 | D:4      | Reached skill level 6 in Maces & Flails
  3378 | D:4      | Found a transporter.
  3547 | D:4      | Found a stormy altar of Qazlal.
  3586 | D:4      | Found a shimmering blue altar of Sif Muna.
  3865 | D:5      | Entered Level 5 of the Dungeon
  3940 | D:5      | Reached skill level 7 in Maces & Flails
  4089 | D:5      | Reached XP level 8. HP: 49/49 MP: 8/8
  4274 | D:5      | Reached skill level 8 in Maces & Flails
  4302 | D:5      | Found a sparkling altar of Nemelex Xobeh.
  4346 | D:5      | Found a staircase to the Ecumenical Temple.
  4369 | Temple   | Entered the Ecumenical Temple
  4376 | Temple   | Became a worshipper of Warmaster Okawaru
  4416 | D:5      | Found Mojuziw's Antique Weapon Shop.
  4584 | D:5      | Reached skill level 9 in Maces & Flails
  4898 | D:6      | Found Luerch's Antique Weapon Boutique.
  5388 | D:7      | Reached * piety under Okawaru
  5389 | D:7      | Reached skill level 10 in Maces & Flails
  5405 | D:7      | Reached XP level 9. HP: 36/54 MP: 9/9
  5592 | D:7      | Noticed Prince Ribbit
  5810 | D:7      | Reached skill level 11 in Maces & Flails
  5882 | D:7      | Killed Prince Ribbit
  5882 | D:7      | Reached ** piety under Okawaru
  6313 | D:8      | Reached skill level 12 in Maces & Flails
  6648 | D:8      | Reached *** piety under Okawaru
  6776 | D:8      | Found a burning altar of Makhleb.
  6778 | D:8      | Found a glowing golden altar of the Shining One.
  7070 | D:9      | Reached XP level 10. HP: 59/59 MP: 10/10
  7094 | D:9      | Reached skill level 13 in Maces & Flails
  7340 | D:9      | Got a translucent chain mail
  7351 | D:9      | Identified the cursed +1 chain mail of the Endless Expanse
                  | {rCorr} (You found it on level 9 of the Dungeon)
  7362 | D:9      | You fall into a shaft and drop 2 floors!
  7380 | D:11     | Noticed a tengu warrior
  7397 | D:11     | Killed a tengu warrior
  7397 | D:11     | Reached **** piety under Okawaru
  7399 | D:11     | Noticed a tengu warrior
  7413 | D:11     | Killed a tengu warrior
  7414 | D:11     | Reached skill level 14 in Maces & Flails
  7420 | D:11     | Reached skill level 1 in Throwing
  7440 | D:11     | Reached ***** piety under Okawaru
  7559 | D:11     | Mangled by a shadow

Illustrated notes

Levels and vault maps discovered:
D:1:      nagdon_arrival_double_spiral, layout_basic
D:2:      layout_basic, patterned_corridor, uniq_jessica
D:3:      layout_rooms, lemuel_round_altar
D:4:      gammafunk_steamed_eel, layout_loops_ring, vehumet_statue,
          lemuel_coloured_pillars_altar, led_sif_pool
D:5:      layout_loops_corners, lemuel_crystal_altar, temple_statues,
          serial_shops, nicolae_shop_trees, minmay_bent
D:6:      layout_cave_pools, serial_shops, shop
D:7:      layout_basic, hangedman_decor_growths, chequers_serial_rivers_large_b,
          nrook_uturn, uniq_prince_ribbit1
D:8:      layout_cave_pods, minitemple
D:9:      layout_roguey
D:11:     layout_rooms
Temple:   eino_temple_rhombus

Skill      XL: |  1  2  3  4  5  6  7  8  9 10 |
---------------+-------------------------------+-----
Shields        | 4 5 |  5.4
Fighting       | 4 5 |  5.4
Maces & Flails | 3 5 7 10 12 14 | 14.0
Throwing       | 1 |  1.4
Armour         | |  3.4

Action                   |  1- 3 |  4- 6 |  7- 9 | 10-12 || total
-------------------------+-------+-------+-------+-------++-------
Melee: Flail             |    96 |   221 |   374 |       ||   691
       Whip              |       |       |   163 |   136 ||   299
Evoke: Wand              |       |       |     2 |       ||     2
  Use: Scroll            |       |     7 |     1 |     3 ||    11
Armor: Scale mail        |    73 |    82 |       |       ||   155
       Chain mail        |       |    20 |   236 |    39 ||   295
Dodge: Dodged            |    19 |    52 |   124 |    17 ||   212
Block: Kite shield       |    60 |   168 |   362 |    41 ||   631

Table legend: (Time is in decaauts)
 A = Elapsed time spent in this place.
 B = Non-inter-level travel time spent in this place.
 C = Inter-level travel time spent in this place.
 D = Time resting spent in this place.
 E = Time spent auto-exploring this place.
 F = Levels seen in this place.
 G = Mean time per level.
                   A        B        C        D        E       F      G
               +--------+--------+--------+--------+--------+-----+--------+
         Total |   7668 |   7187 |    481 |    199 |   5335 |  11 |  697.1 |
       Dungeon |   7652 |   7180 |    472 |    199 |   5333 |  10 |  765.2 |
        Temple |     16 |      7 |      9 |      0 |      2 |   1 |   16.0 |
               +--------+--------+--------+--------+--------+-----+--------+

Top non-repeatable levels by time:
     D:2: 1411 daAuts
     D:5: 1028 daAuts
     D:3: 937 daAuts
     D:1: 897 daAuts
     D:8: 843 daAuts
     D:4: 791 daAuts
     D:7: 764 daAuts
     D:6: 482 daAuts
     D:9: 337 daAuts
    D:11: 157 daAuts
  Temple: 16 daAuts
